 Dungeon Crawl Stone Soup version 0.25.1-2-g60ff931df9 (webtiles) character file.

Game seed: 11425152792644713931

123 hellfireifrit the Skirmisher (level 4, 0/40 HPs)
             Began as a Draconian Abyssal Knight on Nov 5, 2020.
             Was a Believer of Lugonu.
             Slain by Crazy Yiuf
             ... wielding a +2 quarterstaff of chaos
              (7 damage)
             ... on level 2 of the Dungeon.
             The game lasted 00:17:49 (1679 turns).

hellfireifrit the Skirmisher (DrAK)                 Turns: 1679, Time: 00:17:50

Health: 0/40       AC:  5    Str: 15    XL:     4   Next: 80%
Magic:  5/5        EV: 10    Int: 12    God:    Lugonu [**....]
Gold:   144        SH:  7    Dex: 11    Spells: 3/3 levels left

rFire    . . .     SeeInvis .   a - +2 hand axe
rCold    . . .     Gourm    .   j - +0 kite shield
rNeg     . . .     Faith    .   (armour unavailable)
rPois    .         Spirit   .   (helmet restricted)
rElec    .         Reflect  .   (no cloak)
rCorr    .         Harm     .   (no gloves)
MR       .....                  (no boots)
Stlth    ++........             (no amulet)
HPRegen  0.13/turn              k - ring of stealth
MPRegen  0.09/turn              (no ring)

@: stab, very slightly contaminated, invisible
A: unfitting armour, cold-blooded, AC +5
a: Depart the Abyss, Bend Space, Renounce Religion


You were on level 2 of the Dungeon.
You worshipped Lugonu.
Lugonu was pleased with you.
You were not hungry.

You visited 1 branch of the dungeon, and saw 2 of its levels.
You visited the Abyss 1 time.

You collected 144 gold pieces.

Inventory:

Hand Weapons
 a - a +2 hand axe (weapon)
Missiles
 f - 139 stones (quivered)
Armour
 j - a +0 kite shield (worn)
 o - a +0 naga barding
Jewellery
 k - a ring of stealth (left hand)
 n - a cursed -4 ring of intelligence {unknown}
 p - a cursed ring of attention {unknown}
Scrolls
 c - a scroll of remove curse
 e - a scroll of teleportation {unknown}
 l - a scroll of magic mapping
Potions
 i - a potion of cancellation
Comestibles
 b - 4 rations


   Skills:
 + Level 4.2 Fighting
 + Level 3.4 Axes
 + Level 0.3 Throwing
 + Level 2.8 Dodging
 + Level 0.6 Stealth
 + Level 0.2 Shields
 + Level 2.1 Invocations


You had 3 spell levels left.
You didn't know any spells.
Your spell library was empty.

Dungeon Overview and Level Annotations

Branches:
Dungeon (2/15)

Altars:

Annotations:
D:2 Crazy Yiuf


Innate Abilities, Weirdness & Mutations

Your plain brown scales are hard. (AC +5)
You cannot fit into any form of body armour.
You are cold-blooded and may be slowed by cold attacks.


Message History

Crazy Yiuf is moderately wounded.
You feel yourself speed up. Crazy Yiuf closely misses you.
Crazy Yiuf hits you but does no damage.
Okay, then.
As you read the scroll of fear, it crumbles to dust.
You assume a fearsome visage.
Crazy Yiuf looks frightened!
You fade into invisibility!
Crazy Yiuf screams, "Help!"
You are very lightly contaminated with residual magic.
You feel ready to backstab.
There is an open translucent door here.
Crazy Yiuf prays for help.
Crazy Yiuf yells at you, "GO AWAY!"
Crazy Yiuf pleads, "Please!
I have a lot of children!"
Crazy Yiuf seems to regain his courage.
Crazy Yiuf closely misses you.
The helpless Crazy Yiuf fails to defend himself.
You hit Crazy Yiuf but do no damage.
Crazy Yiuf is moderately wounded.
Crazy Yiuf hits you with a +2 quarterstaff of chaos!
You die...

♣.♣♣ ♣♣.♣ ♣♣.♣♣
♣♣...♣ ###########
♣....♣ #..........
#'..'# #..........
#....# #..........
#...## #..........
##@######..........
#.g...............
########..........
########### # # # #
#


You could see Crazy Yiuf.

Vanquished Creatures
  A hound (D:2)
  Robin (D:2)
  An adder (D:2)
  An ooze (D:2)
  A worm (D:2)
  A leopard gecko (D:1)
  2 giant cockroaches
  16 goblins
  9 hobgoblins
  A jackal (D:1)
  A quokka (D:2)
  7 bats
  8 frilled lizards
  6 kobolds
  3 rats
  5 fungi (D:2)
64 creatures vanquished.

Notes
Turn   | Place    | Note
-------+----------+-------------------------------------------
     0 | Abyss:1  | hellfireifrit the Draconian Abyssal Knight began the quest
                  | for the Orb.
     0 | Abyss:1  | Reached XP level 1. HP: 19/19 MP: 2/2
     1 | D:1      | Escaped the Abyss
   233 | D:1      | Reached XP level 2. HP: 21/27 MP: 3/3
   237 | D:1      | Reached * piety under Lugonu
   472 | D:1      | Reached skill level 4 in Fighting
   743 | D:2      | Reached XP level 3. HP: 30/33 MP: 4/4
   803 | D:2      | Reached XP level 4. HP: 24/40 MP: 5/5
  1041 | D:2      | Noticed Robin
  1055 | D:2      | Reached ** piety under Lugonu
  1072 | D:2      | Killed Robin
  1288 | D:2      | Found a runed translucent door.
  1289 | D:2      | Noticed Crazy Yiuf
  1679 | D:2      | Slain by Crazy Yiuf

Illustrated notes

Levels and vault maps discovered:
D:1:      dpeg_arrival_brainrot, layout_basic
D:2:      layout_basic, first_ration, uniq_crazy_yiuf_cottage, uniq_robin

Skill      XL: |  1  2  3  4 |
---------------+-------------+-----
Fighting       | 4 |  4.2
Axes           | 3 |  3.4
Throwing       | |  0.3
Dodging        | |  2.8
Stealth        | |  0.6
Shields        | |  0.2
Invocations    | |  2.1

Action                   |  1- 3 |  4- 6 || total
-------------------------+-------+-------++-------
Melee: Hand axe          |    96 |   120 ||   216
       Tailslap          |     5 |    20 ||    25
Throw: Stone             |    19 |     6 ||    25
Invok: Depart the Abyss  |     1 |       ||     1
       Bend Space        |       |     1 ||     1
  Use: Scroll            |     1 |    12 ||    13
       Potion            |       |     3 ||     3
 Stab: Sleeping          |     1 |     1 ||     2
  Eat: Ration            |       |     1 ||     1
       Chunk             |       |     1 ||     1
Armor: Skin              |    43 |    35 ||    78
Dodge: Dodged            |    75 |    47 ||   122
Block: Kite shield       |       |    17 ||    17
